 Dungeon Crawl Stone Soup version 0.29.0-4-gdea44cf6ec (webtiles) character file.

Game seed: 7364142118804477051

459 qw the Chopper (level 7, 0/41 HPs)
             Began as a Tengu Warper on Aug 28, 2022.
             Was an Initiate of Okawaru.
             Slain by a gnoll
             ... wielding a +0 halberd
              (2 damage)
             ... on level 4 of the Dungeon.
             The game lasted 00:00:26 (3918 turns).

qw the Chopper (Tengu Warper)                       Turns: 3918, Time: 00:00:27

Health: 0/41       AC:  9    Str: 14    XL:     7   Next: 6%
Magic:  11/11      EV:  8    Int: 13    God:    Okawaru [......]
Gold:   119        SH:  0    Dex: 13    Spells: 10/10 levels left

rFire   . . .      SeeInvis .   Y - +3 hand axe (venom)
rCold   . . .      Faith    .   (no shield)
rNeg    . . .      Spirit   .   c - +0 chain mail
rPois   .          Reflect  .   (helmet restricted)
rElec   .          Harm     .   n - +0 cloak
rCorr   +          Rampage  .   (no gloves)
Will    .....                   (boots unavailable)
Stlth   ..........              (no amulet)
HPRegen 0.13/turn               h - ring of resist corrosion
MPRegen 0.12/turn               (no ring)

@: flying quickly and evasively, quick
A: beak, talons 3, nimble flight
a: Renounce Religion


You were on level 4 of the Dungeon.
You worshipped Okawaru.
Okawaru was noncommittal.
You visited 2 branches of the dungeon, and saw 5 of its levels.
You also visited: Sewer.

You collected 119 gold pieces.


Innate Abilities, Weirdness & Mutations

You have a beak for a mouth.
You have claws for feet.
Your magical nature lets you fly swiftly and evasively.


   Skills:
 - Level 3.3 Fighting
 + Level 7.1 Axes
 - Level 1.0 Throwing
 - Level 2.4 Armour
 - Level 2.1 Dodging
 - Level 2.0 Spellcasting
 - Level 2.4 Translocations


You had 10 spell levels left.
You didn't know any spells.
Your spell library contained the following spells:

 Spells                   Type           Power      Damage    Failure   Level
 Blink                    Tloc           14%        N/A       98%         2
 Gell's Gravitas          Tloc           7%         N/A       100%        3
 Lesser Beckoning         Tloc           7%         N/A       100%        3
 Teleport Other           Tloc           7%         N/A       100%        3
 Manifold Assault         Tloc           7%         N/A       100%        5

Inventory:

Hand Weapons
 a - a +0 flail
 b - the +10 mace of Eternal Harmony {vorpal, Fly rC+ Will- Stlth+}
   (You found it on level 3 of the Dungeon)

   It inflicts extra damage upon your enemies.
   rC:        It protects you from cold.
   Fly:       It grants you flight.
   Will:      It decreases your willpower.
   Stlth:     It makes you more stealthy.
 Y - a +3 hand axe of venom (weapon)
Missiles
 i - a boomerang (quivered)
Armour
 c - a +0 chain mail (worn)
 n - a +0 cloak (worn)
Jewellery
 d - a ring of ice
 g - an amulet of the acrobat
 h - a ring of resist corrosion (left hand)
Scrolls
 j - a scroll of teleportation {unknown}
 m - 2 scrolls of identify
Potions
 e - a potion of might
 f - a potion of cancellation

Dungeon Overview and Level Annotations

Branches:
Dungeon (4/15)             Temple (1/1) D:4           Sewer (visited)

Altars:
Ashenzari
Dithmenos
Elyvilon
Fedhas
Kikubaaqudgha
Makhleb
Okawaru
Qazlal
Ru
Sif Muna
Vehumet
Wu Jian
Xom
Yredelemnul


Message History

Enter note:
Enter note:
Enter note: An adder comes into view.
You see here a scroll labelled KYUGRE NOPIE.
Enter note:
3886 ||| Stepping ~*~*~tactically~*~*~ (stealth).
j - a scroll labelled KYUGRE NOPIE A quokka comes into view.
A gnoll comes into view.
It is wielding a +0 halberd and carrying a wand of digging (6).
Enter note: The gnoll shouts!
3906 ||| Stepping ~*~*~tactically~*~*~ (stealth).
You hear a zap.
Some rock shatters into small pieces.
Throw: boomerang
Press: ? - help, Q - select action Shift-Dir - straight line, f - quokka You throw a boomerang.
The boomerang hits the quokka.
The quokka is lightly wounded.
You barely miss the quokka. You claw the quokka.
You kill the quokka!
Okawaru accepts your kill.
The gnoll drinks a potion.
The gnoll flickers and vanishes!
Deactivating autopickup; reactivate with Ctrl-A.
You swing at nothing.
You swing at nothing.
You swing at nothing.
You swing at nothing.
You swing at nothing.
You barely miss something. Something hits you!
You barely miss something. Your kick misses something. You peck something.
Something hits you!
You barely miss something. Something hits you!
3917 ||| Stepping ~*~*~tactically~*~*~ (stealth).
Something hits you!
You hit something but do no damage. You peck something. You punch something.
Something hits you.
You die...

..##..# #.
..#... ..
#.... #### .
#.... ...#. .
#.... ...#
###.# #...
..##...## #%%
##{#.....#
#.. #.@.# #..
# #%..##### .
#.# #.
#...#...#..
.#.
#.###.#S....#
#..
##...###.S.##
#.#
#.....#.###.#
#..# #
#...#...#...#
.# .... ####
#.. #####...#
# #. #... #
..#...#...#
.# #


You could see an adder (wandering).

Vanquished Creatures
  An ogre (D:3)
  A necrophage (D:4)
  A howler monkey (D:4)
  Natasha (D:4)
  3 orc wizards (D:3)
  4 gnolls (D:3)
  3 adders
  2 worms
  A dart slug (D:2)
  16 orcs
  10 bats
  6 endoplasms
  6 giant cockroaches
  4 goblins
  3 hobgoblins
  3 jackals
  16 kobolds
  5 quokkas
  2 ball pythons
  2 frilled lizards
  3 rats
93 creatures vanquished.

Vanquished Creatures (others)
  A fungus (Sewer)
  3 plants (Sewer)
4 creatures vanquished.

Grand Total: 97 creatures vanquished

Notes
Turn   | Place    | Note
-------+----------+-------------------------------------------
     0 | D:1      | qw the Tengu Warper began the quest for the Orb.
     0 | D:1      | Reached XP level 1. HP: 12/12 MP: 4/4
     0 | D:1      | 0 ||| qw: Version: 0.1-a-89-g26bdef1
     0 | D:1      | 0 ||| qw: Game counter: 1599
     0 | D:1      | 0 ||| qw: Always use a shield: true
     0 | D:1      | 0 ||| qw: God list: Okawaru
     0 | D:1      | 0 ||| qw: Allow faded altars: false
     0 | D:1      | 0 ||| qw: Do Orc after D:15 true
     0 | D:1      | 0 ||| qw: Do second Lair branch before Depths: true
     0 | D:1      | 0 ||| qw: Lair rune preference: random
     0 | D:1      | 0 ||| qw: Plans: Normal
     0 | D:1      | 0 ||| PLANNING D:1-11
   155 | D:1      | Found a faded altar of an unknown god.
   202 | D:1      | 202 ||| Stepping ~*~*~tactically~*~*~ (stealth).
   207 | D:1      | Reached skill level 3 in Axes
   207 | D:1      | Reached XP level 2. HP: 13/17 MP: 6/6
   617 | D:1      | 617 ||| UPGRADING to ring of resist corrosion.
   618 | D:1      | 618 ||| DROPPING ring of magical power.
   619 | D:1      | 619 ||| READING 2 scrolls labelled BOYJOE ASEEFUB.
   620 | D:1      | 620 ||| READING scroll of enchant weapon.
   620 | D:1      | 620 ||| ENCHANTING +1 hand axe.
   621 | D:1      | 621 ||| READING scroll labelled TARYUFU LUICI.
   622 | D:1      | 622 ||| DROPPING scroll of blinking.
   653 | D:2      | 653 ||| STAIRDANCE
   661 | D:2      | 661 ||| STAIRDANCE
   705 | D:2      | 705 ||| Stepping ~*~*~tactically~*~*~ (hiding).
   782 | D:2      | Reached XP level 3. HP: 20/21 MP: 7/7
   914 | D:2      | Reached skill level 4 in Axes
  1017 | D:2      | 1017 ||| READING scroll of enchant weapon.
  1017 | D:2      | 1017 ||| ENCHANTING +2 hand axe.
  1350 | D:2      | 1350 ||| UPGRADING to +1 scale mail of positive energy.
  1360 | D:2      | 1360 ||| DROPPING +0 leather armour.
  1361 | D:2      | 1361 ||| UPGRADING to +0 cloak.
  1366 | D:2      | 1366 ||| READING scroll labelled VUSEKUY TOSE.
  1367 | D:2      | 1367 ||| READING scroll labelled JAM TYS WEJOWI.
  1368 | D:2      | 1368 ||| READING scroll labelled OTHROER EMEL.
  1369 | D:2      | 1369 ||| READING 2 scrolls of identify.
  1369 | D:2      | 1369 ||| IDENTIFYING amethyst potion
  1370 | D:2      | 1370 ||| DROPPING potion of degeneration.
  1391 | D:3      | 1391 ||| PLANNING SEWER
  1401 | D:3      | Reached XP level 4. HP: 18/26 MP: 8/8
  1412 | D:3      | 1412 ||| FLEEEEING.
  1414 | D:3      | 1414 ||| FLEEEEING.
  1415 | D:3      | 1415 ||| STAIRDANCE
  1419 | D:2      | Reached skill level 5 in Axes
  1508 | D:3      | 1508 ||| DROPPING +0 whip.
  1589 | D:3      | Found a shimmering altar of Xom.
  1654 | D:3      | 1654 ||| Stepping ~*~*~tactically~*~*~ (stealth).
  1657 | D:3      | 1657 ||| Stepping ~*~*~tactically~*~*~ (stealth).
  1670 | D:3      | 1670 ||| Stepping ~*~*~tactically~*~*~ (stealth).
  1738 | D:3      | Found a glowing drain.
  1746 | D:3      | 1746 ||| DRINKING 2 orange potions.
  1766 | Sewer    | Entered a sewer
  1908 | Sewer    | 1908 ||| Stepping ~*~*~tactically~*~*~ (water).
  1955 | Sewer    | 1955 ||| Stepping ~*~*~tactically~*~*~ (water).
  2058 | Sewer    | 2058 ||| READING scroll labelled ARIOSHAGIG.
  2059 | Sewer    | 2059 ||| READING scroll labelled KOUPHE RADA.
  2060 | Sewer    | 2060 ||| DRINKING 2 metallic green potions.
  2061 | Sewer    | 2061 ||| DRINKING 3 murky golden potions.
  2062 | Sewer    | 2062 ||| READING 3 scrolls of identify.
  2062 | Sewer    | 2062 ||| IDENTIFYING puce potion
  2063 | Sewer    | 2063 ||| READING 2 scrolls of identify.
  2063 | Sewer    | 2063 ||| IDENTIFYING brown potion
  2064 | Sewer    | 2064 ||| DROPPING potion of magic.
  2065 | Sewer    | 2065 ||| DROPPING 2 potions of brilliance.
  2080 | D:3      | 2080 ||| PLANNING D:1-11
  2099 | D:3      | Gained mutation: Your magical nature lets you fly swiftly
                  | and evasively. [Tengu growth]
  2099 | D:3      | Reached XP level 5. HP: 30/30 MP: 9/9
  2106 | D:3      | Identified the +10 mace of Eternal Harmony {vorpal, Fly rC+
                  | Will- Stlth+}
  2137 | D:3      | Noticed an ogre
  2138 | D:3      | 2138 ||| Stepping ~*~*~tactically~*~*~ (stealth).
  2145 | D:3      | Killed an ogre
  2146 | D:3      | Reached skill level 6 in Axes
  2193 | D:3      | 2193 ||| Stepping ~*~*~tactically~*~*~ (hiding).
  2204 | D:3      | Reached XP level 6. HP: 23/35 MP: 10/10
  2410 | D:3      | 2410 ||| Stepping ~*~*~tactically~*~*~ (stealth).
  2412 | D:3      | 2412 ||| Stepping ~*~*~tactically~*~*~ (stealth).
  2416 | D:3      | 2416 ||| Stepping ~*~*~tactically~*~*~ (hiding).
  2425 | D:3      | Reached skill level 7 in Axes
  2425 | D:3      | HP: 5/35 [gnoll/+0 halberd (13)]
  2426 | D:3      | 2426 ||| DRINKING potion of heal wounds.
  2507 | D:3      | 2507 ||| Stepping ~*~*~tactically~*~*~ (stealth).
  2510 | D:3      | 2510 ||| Stepping ~*~*~tactically~*~*~ (stealth).
  2516 | D:3      | 2516 ||| Stepping ~*~*~tactically~*~*~ (stealth).
  2620 | D:3      | HP: 9/36 [poisoned by an orc]
  2926 | D:3      | 2926 ||| UPGRADING to +0 chain mail.
  2936 | D:3      | 2936 ||| DROPPING +1 scale mail of positive energy.
  2937 | D:3      | 2937 ||| READING 3 scrolls of identify.
  2937 | D:3      | 2937 ||| IDENTIFYING blue potion
  2938 | D:3      | 2938 ||| DROPPING potion of flight.
  3021 | D:4      | Found a staircase to the Ecumenical Temple.
  3022 | D:4      | 3022 ||| PLANNING TEMPLE
  3028 | Temple   | Entered the Ecumenical Temple
  3064 | Temple   | Became a worshipper of Warmaster Okawaru
  3282 | Temple   | 3282 ||| PLANNING D:1-11
  3329 | D:4      | Noticed Natasha
  3338 | D:4      | Killed Natasha
  3506 | D:4      | 3506 ||| Stepping ~*~*~tactically~*~*~ (stealth).
  3522 | D:4      | Reached skill level 3 in Fighting
  3522 | D:4      | Reached XP level 7. HP: 23/41 MP: 11/11
  3535 | D:4      | 3535 ||| FLEEEEING.
  3536 | D:4      | 3536 ||| FLEEEEING.
  3537 | D:4      | 3537 ||| STAIRDANCE
  3886 | D:4      | 3886 ||| Stepping ~*~*~tactically~*~*~ (stealth).
  3906 | D:4      | 3906 ||| Stepping ~*~*~tactically~*~*~ (stealth).
  3917 | D:4      | 3917 ||| Stepping ~*~*~tactically~*~*~ (stealth).
  3917 | D:4      | HP: 2/41 [something (11)]
  3918 | D:4      | Slain by a gnoll

Levels and vault maps discovered:
D:1:      dpeg_arrival_solitude, layout_loops_ring,
          hellmonk_ecumenical_altar_crossroads, minmay_box_of_dots
D:2:      layout_rooms
D:3:      layout_loops_ring, mainiacjoe_overflow_paths, gup_sewer_entry_pipe,
          minmay_crystal_room
D:4:      nicolae_cairo_tiling, layout_layer_cave, minmay_temple_entry_tees,
          chequers_big_river, pf_guarded_unrand_woodcutter, uniq_natasha
Temple:   oiseaux_autumnal_temple

Skill      XL: |  1  2  3  4  5  6 |
---------------+-------------------+-----
Axes           | 3 4 5 6 7 |  7.1
Armour         | 2 |  2.4
Fighting       | 3 |  3.3
Throwing       | |  1.0
Dodging        | |  2.1
Spellcasting   | |  2.0
Translocations | |  2.4

Action                   |  1- 3 |  4- 6 |  7- 9 || total
-------------------------+-------+-------+-------++-------
Melee: Hand axe          |    61 |   134 |    10 ||   205
       Kick              |    10 |    34 |     2 ||    46
       Peck              |     6 |    24 |     3 ||    33
       Punch             |       |     1 |     1 ||     2
Throw: Boomerang         |     7 |     4 |     7 ||    18
  Use: Scroll            |     8 |     5 |       ||    13
       Potion            |       |     4 |       ||     4
Armor: Leather armour    |    12 |       |       ||    12
       Scale mail        |     6 |    31 |       ||    37
       Chain mail        |       |     4 |     1 ||     5
Dodge: Dodged            |    43 |    59 |     1 ||   103

Table legend:
 A = Non-vault XP
 B = Vault XP
 C = Vault XP percentage of total XP
 D = Non-vault monster count
 E = Vault monster count
 F = Vault count percentage of total count
                 A         B        C        D         E       F
            +---------+---------+-------+---------+---------+-------
      Total |     586 |      71 |  10.8 |      70 |      23 |  24.7
            +---------+---------+-------+---------+---------+-------
        D:1 |      18 |       2 |  10.0 |      11 |       1 |   8.3
        D:2 |      49 |       0 |   0.0 |      18 |       0 |   0.0
        D:3 |     355 |       8 |   2.2 |      33 |       4 |  10.8
        D:4 |     164 |      35 |  17.6 |       8 |       1 |  11.1
      Sewer |       0 |      26 | 100.0 |       0 |      17 | 100.0
            +---------+---------+-------+---------+---------+-------
